AoeStats
← Spider2YBanana

Black Forest

509487421Analyzed
4v4 RM · 6d ago on Sep 26, 2026· 40m 25s· 8 players
Game mode
Random Map
Map size
Large (8 player)
Population
200
Speed
Normal
Resources
Standard
Victory
Conquest
Starting age
Dark Age
Ending age
Imperial Age
RankedLock teamsTeams togetherTeam positionsShared explorationLock speedFull tech treeHidden civsTurbo modeCheats
Victory
Defeat
🇧🇷 Saracens · Brazil
1433
+15
🇧🇷 Varangians · Brazil
1421
+15
🇦🇷 Danes · Argentina
1392
+16
🇧🇷 Franks · Brazil
1334
+19
🇹🇼 Persians · Taiwan
1442
-18
🇱🇻 Danes · Latvia
1409
-17
🇨🇳 Dravidians · China
1383
-16
🇺🇸 Bohemians · United States
1354
-14
Anil
1:06 Loom
12:13 Feudal Age
12:58 Double-Bit Axe
14:37 Horse Collar
20:43 Castle Age
22:31 Bow Saw
24:34 Heavy Plow
29:50 Imperial Age
27:13 Man-at-Arms
27:54 Scale Mail Armor
28:43 Long Swordsman
29:09 Gambesons
29:25 Squires
29:10 Arson
29:44 Chain Mail Armor
29:39 Forging
30:17 Two-Handed Swordsman
31:29 Plate Mail Armor
32:04 Wheelbarrow
32:07 Iron Casting
32:50 Two-Man Saw
32:06 Champion
33:34 Wootz Steel
36:05 Blast Furnace
36:51 Hand Cart
37:57 Town Watch
Spider2YBanana
2:40 Loom
13:35 Feudal Age
14:19 Double-Bit Axe
24:16 Castle Age
22:00 Horse Collar
29:38 Imperial Age
27:41 Bow Saw
29:37 Chemistry
36:37 Fervor
37:04 Wheelbarrow
37:59 Heavy Plow
두도스
10:42 Feudal Age
11:08 Double-Bit Axe
20:42 Fishing Lines
25:05 Castle Age
26:17 Bow Saw
25:58 Gold Mining
25:49 Horse Collar
26:48 Wheelbarrow
26:08 Gillnets
27:20 Gold Shaft Mining
30:42 Imperial Age
28:16 Scale Mail Armor
28:26 Forging
28:44 Stone Mining
29:20 Chain Mail Armor
29:18 Arson
30:18 Stone Shaft Mining
30:09 Squires
29:54 Gambesons
30:48 Iron Casting
31:22 Hand Cart
30:51 Onager
31:39 Siege Engineers
31:57 Conscription
31:14 Elite Varangian Guard
32:20 Man-at-Arms
34:56 Siege Onager
35:58 Hamask
36:06 Man-at-Arms
37:36 Plate Mail Armor
37:38 Northmen's Fury
39:35 Chemistry
38:56 Long Swordsman
Guthrie_Govan
11:03 Feudal Age
14:47 Castle Age
13:34 Double-Bit Axe
14:04 Gold Mining
14:07 Loom
14:59 Fishing Lines
15:33 Bow Saw
15:53 Horse Collar
19:47 Wheelbarrow
19:35 Town Watch
20:01 Heavy Plow
27:23 Imperial Age
26:10 Scale Mail Armor
26:15 Scale Barding Armor
26:54 Forging
27:58 Chain Barding Armor
28:57 Stone Mining
29:43 Gold Shaft Mining
29:46 Iron Casting
30:20 Two-Man Saw
29:51 Crop Rotation
30:57 Plate Barding Armor
31:17 Elite War Elephant
33:14 Blast Furnace
35:58 Conscription
VkA | paulovmcm
12:01 Feudal Age
12:38 Double-Bit Axe
12:36 Horse Collar
16:13 Castle Age
15:55 Wheelbarrow
17:07 Bow Saw
19:12 Heavy Plow
20:46 Gold Mining
23:59 Stone Mining
25:48 Gold Shaft Mining
25:24 Loom
29:49 Imperial Age
27:52 Forging
28:04 Ballistics
28:56 Hand Cart
28:26 Town Watch
28:54 Masonry
29:00 Scale Barding Armor
29:54 Iron Casting
29:23 Fletching
30:36 Chain Barding Armor
30:28 Husbandry
30:39 Bloodlines
31:34 Two-Man Saw
32:43 Blast Furnace
32:19 Plate Barding Armor
32:21 Herbal Medicine
31:48 Elite Mameluke
32:53 Conscription
33:49 Bimaristan
34:59 Hoardings
37:10 Chemistry
36:16 Siege Engineers
36:43 Caravan
38:16 Coinage
38:51 Fervor
38:43 Atonement
38:48 Devotion
39:14 Illumination
39:06 Block Printing
39:12 Sanctity
39:29 Theocracy
41:04 Banking
Kuroko
1:04 Loom
13:15 Feudal Age
14:36 Double-Bit Axe
15:01 Fletching
19:16 Castle Age
21:21 Bow Saw
28:20 Padded Archer Armor
30:10 Wheelbarrow
30:17 Scale Mail Armor
32:20 Leather Archer Armor
32:58 Forging
34:31 Chain Mail Armor
33:39 Pikeman
36:26 Scale Barding Armor
36:57 Iron Casting
38:04 Chain Barding Armor
41:51 Imperial Age
TmZ_Mosquito Sedutor
1:01 Loom
13:03 Feudal Age
18:51 Castle Age
17:33 Fishing Lines
17:57 Double-Bit Axe
17:58 Horse Collar
19:50 Bow Saw
21:44 Wheelbarrow
24:35 Gillnets
27:21 Gold Mining
28:35 Stone Mining
31:40 Imperial Age
29:32 Hand Cart
30:46 Scale Barding Armor
30:52 Forging
30:49 Town Watch
31:51 Husbandry
32:01 Bloodlines
32:30 Chain Barding Armor
32:02 Cavalier
34:56 Squires
36:28 Plate Barding Armor
37:45 Heavy Plow
39:06 Conscription
39:50 Iron Casting
39:26 Vendel Legacy
M-A
0:26 Loom
11:25 Feudal Age
13:47 Double-Bit Axe
13:45 Horse Collar
16:14 Castle Age
17:11 Heavy Plow
17:24 Bow Saw
23:17 Wheelbarrow
23:44 Gold Mining
25:10 Hand Cart
25:19 Stone Mining
30:25 Imperial Age
28:26 Squires
27:47 Man-at-Arms
28:12 Gambesons
28:14 Arson
28:35 Long Swordsman
29:54 Scale Mail Armor
31:19 Chain Mail Armor
30:31 Capped Ram
30:35 Two-Handed Swordsman
31:33 Hamask
32:23 Champion
33:55 Plate Mail Armor
33:35 Forging
35:48 Conscription
36:25 Iron Casting
38:15 Blast Furnace
37:56 Northmen's Fury
39:11 Siege Engineers
39:25 Onager
Connection lost

Rejoining the realm…

Still unreachable

The connection could not be restored.

Session expired

The server has moved on; the page needs a fresh start.